AoeStats
← Spivvery

Arena

509356929Analyzed
2v2 RM · 7d ago on Sep 26, 2026· 40m 5s· 4 players
Game mode
Random Map
Map size
Medium (4 player)
Population
200
Speed
Normal
Resources
Standard
Victory
Conquest
Starting age
Dark Age
Ending age
Imperial Age
RankedLock teamsTeams togetherTeam positionsShared explorationLock speedFull tech treeHidden civsTurbo modeCheats
Victory
Defeat
🇫🇷 Burmese · France
875
+39
🇦🇷 Byzantines · Argentina
840
+18
🇭🇰 Saracens · Hong Kong SAR China
1036
-24
🇭🇰 Teutons · Hong Kong SAR China
739
-11
Gussy
11:00 Feudal Age
19:59 Castle Age
19:46 Scale Barding Armor
19:59 Forging
28:08 Squires
27:54 Gambesons
28:13 Scale Mail Armor
28:39 Gold Mining
28:40 Double-Bit Axe
29:59 Wheelbarrow
35:03 Imperial Age
37:38 Ballistics
37:15 Elite Cataphract
39:31 Elite Varangian Guard
R-mat
12:21 Feudal Age
13:57 Arson
15:05 Wheelbarrow
18:54 Scale Barding Armor
19:00 Forging
18:51 Scale Mail Armor
23:19 Castle Age
21:58 Bloodlines
22:02 Gold Mining
24:57 Hand Cart
24:47 Stone Mining
25:39 Husbandry
28:48 Town Watch
29:50 Gold Shaft Mining
30:37 Loom
31:44 Chain Barding Armor
31:40 Chain Mail Armor
32:58 Iron Casting
37:06 Manipur Cavalry
41:59 Imperial Age
松本一香
10:23 Feudal Age
14:14 Castle Age
12:31 Double-Bit Axe
12:27 Horse Collar
22:09 Wheelbarrow
22:01 Bow Saw
22:28 Town Watch
22:29 Loom
30:02 Imperial Age
29:03 Gold Mining
29:04 Stone Mining
29:26 Forging
29:22 Scale Barding Armor
29:23 Fletching
29:34 Padded Archer Armor
30:48 Husbandry
30:59 Bloodlines
30:21 Crossbowman
31:06 Thumb Ring
32:23 Chemistry
31:44 Ballistics
32:07 Iron Casting
31:28 Bodkin Arrow
31:53 Chain Barding Armor
31:50 Elite Mameluke
34:28 Blast Furnace
33:43 Leather Archer Armor
34:06 Conscription
35:53 Counterweights
37:08 Bracer
37:43 Plate Barding Armor
36:50 Capped Ram
Spivvery
11:03 Feudal Age
12:29 Double-Bit Axe
14:49 Castle Age
15:41 Horse Collar
21:09 Bow Saw
23:30 Wheelbarrow
22:56 Heavy Plow
23:17 Stone Mining
23:17 Gold Mining
25:41 Hand Cart
25:12 Loom
29:45 Imperial Age
28:21 Stone Shaft Mining
28:21 Squires
28:07 Gambesons
28:08 Arson
28:31 Town Watch
29:59 Padded Archer Armor
29:49 Fletching
30:09 Forging
30:00 Scale Mail Armor
30:05 Scale Barding Armor
29:31 Pikeman
30:39 Town Patrol
30:51 Capped Ram
31:59 Leather Archer Armor
31:39 Bodkin Arrow
31:12 Halberdier
32:10 Chain Mail Armor
32:30 Iron Casting
31:51 Bodkin Arrow
33:11 Chain Barding Armor
33:21 Ring Archer Armor
34:37 Plate Mail Armor
35:07 Blast Furnace
35:21 Blast Furnace
35:33 Crop Rotation
35:43 Ironclad
37:22 Conscription
37:24 Crenellations
37:50 Plate Barding Armor
36:44 Man-at-Arms
37:23 Elite Teutonic Knight
39:38 Chemistry
38:59 Ballistics
38:25 Arrowslits
38:30 Guard Tower
38:30 Heated Shot
38:51 Fortified Wall
38:52 Masonry
39:22 Guilds
40:08 Caravan
Connection lost

Rejoining the realm…

Still unreachable

The connection could not be restored.

Session expired

The server has moved on; the page needs a fresh start.